 Dungeon Crawl Stone Soup version 0.31-a0-845-g9abc20d24f (webtiles) character file.

Game seed: 2283278922837199926

1230 Kurtz the Chopper (level 8, -5/60 HPs)
             Began as an Octopode Fighter on Oct 1, 2023.
             Was an Initiate of Gozag.
             Slain by a gnoll sergeant
             ... wielding a +0 trident
              (8 damage)
             ... on level 6 of the Dungeon.
             The game lasted 00:04:51 (5431 turns).

Kurtz the Chopper (Octopode Fighter)                Turns: 5431, Time: 00:04:52

Health: -5/60      AC:  1    Str: 15    XL:     8   Next: 48%
Magic:  8/8        EV: 13    Int: 10    God:    Gozag
Gold:   366        SH:  5    Dex: 14    Spells: 7/7 levels left

rFire   . . .        B - +5 flail (drain)
rCold   . . .        b - +0 buckler
rNeg    . . .        (helmet restricted)
rPois   .            (no amulet)
rElec   .            (no ring)
rCorr   .            (no ring)
SInv    .            (no ring)
Will    .....        (no ring)
Stlth   ++++         (no ring)
HPRegen 1.10/turn    (no ring)
MPRegen 0.11/turn    (no ring)
                     (no ring)

%: no passive effects
@: no status effects
A: almost no armour, amphibious, 8 rings, camouflage 1, gelatinous body 1,
(nimble swimmer 1), tentacles, regeneration 1, robust 1, wild magic 1
a: Renounce Religion, Potion Petition, Call Merchant, Bribe Branch


You were on level 6 of the Dungeon.
You worshipped Gozag.
Gozag was aware of your devotion.
You visited 2 branches of the dungeon, and saw 7 of its levels.

You collected 440 gold pieces.
You paid 74 gold pieces to Gozag.

Inventory:

Hand Weapons
 a - a +0 war axe
 B - a +5 flail of draining (weapon)
Missiles
 y - 7 poisoned darts
 z - 3 silver javelins (quivered)
Armour
 b - a +0 buckler (worn)
Jewellery
 f - a ring of ice
Wands
 s - a wand of flame (28)
Scrolls
 e - 2 scrolls of enchant weapon {unknown}
 j - 2 scrolls of teleportation {unknown}
 l - 2 scrolls of enchant armour {unknown}
 m - a scroll of fear {unknown}
 n - 4 scrolls of identify {unknown}
 q - 4 scrolls of amnesia {unknown}
 t - a scroll of blinking {unknown}
 u - a scroll of fog {unknown}
 w - a scroll of immolation {unknown}
 A - a scroll of poison {unknown}
 C - a scroll of brand weapon {unknown}
Potions
 c - a potion of might
 d - 2 potions of mutation
 g - a potion of degeneration {unknown}
 h - 2 potions of lignification {unknown}
 i - a potion of cancellation {unknown}
 k - a potion of curing {unknown}
 o - a potion of heal wounds {unknown}
 p - a potion of berserk rage {unknown}
 r - a potion of enlightenment {unknown}
 v - a potion of brilliance {unknown}
 x - a potion of magic {unknown}


   Skills:
 * Level 5.3 Fighting
 * Level 7.7 Axes
 - Level 3.0 Dodging
 * Level 6.6 Stealth
 - Level 3.0 Shields


You had 7 spell levels left.
You didn't know any spells.
Your spell library contained the following spells:

 Spells                   Type           Power      Damage    Failure   Level
 Kiss of Death            Conj/Necr      0%         2d5       54%         1
 Cigotuvi's Dreadful Rot  Necr/Pois/Air  0%         N/A       67%         2
 Confusing Touch          Hex            0%         N/A       88%         3
 Ignite Poison            Fire/Tmut/Pois 0%         N/A       88%         3
 Dispel Undead            Necr           0%         3d6       99%         4
 Freezing Cloud           Conj/Ice/Air   0%         6-21      100%        5


Dungeon Overview and Level Annotations

Branches:
Dungeon (6/15)             Temple (1/1) D:4

Altars:
Ashenzari
Cheibriados
Elyvilon
Fedhas
Gozag
Hepliaklqana
Makhleb
Nemelex Xobeh
Okawaru
Qazlal
Sif Muna
Trog
Uskayaw
Vehumet
Wu Jian
Yredelemnul
Zin


Innate Abilities, Weirdness & Mutations

You cannot wear most types of armour.
You are amphibious.
You can wear up to eight rings at the same time.
Your skin changes colour to match your surroundings (Stealth+).
Your rubbery body absorbs attacks. (AC +1, EV +1)
((You are camouflaged when in or above water. (Stealth+)))
You have tentacles for arms and can constrict up to eight enemies at once.
Your natural rate of healing is unusually fast.
You are robust. (+10% HP)
Your spells are a little harder to cast, but a little more powerful.


Message History

Things that are here:
7 gold pieces; a +0 spear The gnoll sergeant shouts!
You sock the gnoll! You drain the gnoll.
You kill the gnoll!
You closely miss the gnoll. You grab the gnoll.
You constrict the gnoll, but do no damage.
The gnoll hits you with a +0 club. The gnoll hits you with a +0 club!
You hit the gnoll. You drain the gnoll.
The gnoll is heavily wounded.
You constrict the gnoll.
The gnoll sergeant is no longer distracted by gold.
The gnoll misses you. The gnoll closely misses you.
You sock the gnoll!
You kill the gnoll!
The gnoll closely misses you.
The gnoll sergeant hits you from afar with a +0 trident!
You block the gnoll's attack.
Things that are here:
14 gold pieces; a +0 club; a +0 spear You are too injured to fight recklessly!
You hit the gnoll. Your grab misses the gnoll. Your squeeze misses the gnoll.
The gnoll is lightly wounded.
The gnoll sergeant hits you from afar with a +0 trident!
The gnoll hits you with a +0 spear!
* * * LOW HITPOINT WARNING * * *
You hit the gnoll. You drain the gnoll.
You kill the gnoll!
The gnoll sergeant barely misses you.
The gnoll sergeant hits you with a +0 trident!
* * * LOW HITPOINT WARNING * * *
Things that are here:
5 gold pieces; a +0 spear You hit the gnoll sergeant but do no damage.
You drain the gnoll sergeant. You grab the gnoll sergeant.
The gnoll sergeant is lightly wounded.
You constrict the gnoll sergeant.
The gnoll sergeant hits you with a +0 trident!
You die...
Your body crumbles into a pile of gold.

#.#######
###.......
#........#
#...!....#
..#.....?..#
...........#
#....g...# #@#
#$# #$# #.# #
#.# . #.#
#######.# ##
#.......# +.
########'#######
#.


You could see a gnoll sergeant (drained).

Vanquished Creatures
  Grinder (D:4)
  Edmund (D:5)
  Duvessa (D:4)
  A phantom (D:4)
  Dowan (D:4)
  2 howler monkeys
  2 jellies
  A hound (D:5)
  An orc priest (D:3)
  Ijyb (D:4)
  A sleepcap (D:6)
  Natasha (thrice) (D:2)
  An iguana (D:6)
  An orc wizard (D:3)
  Robin (D:2)
  15 gnolls
  5 adders
  A shadow imp (D:5)
  A white imp (D:5)
  An ufetubus (D:5)
  2 worms
  A dart slug (D:1)
  5 orcs
  2 endoplasms
  8 giant cockroaches
  10 hobgoblins
  3 jackals (D:3)
  2 kobolds (D:4)
  4 quokkas
  3 ball pythons
  8 bats
  4 frilled lizards
  14 goblins
  7 rats
115 creatures vanquished.

Notes
Turn   | Place    | Note
-------+----------+-------------------------------------------
     0 | D:1      | Kurtz the Octopode Fighter began the quest for the Orb.
     0 | D:1      | Reached XP level 1. HP: 16/16 MP: 1/1
   216 | D:1      | Reached XP level 2. HP: 21/21 MP: 2/2
   620 | D:1      | Reached skill level 3 in Axes
   937 | D:2      | Noticed Natasha
   942 | D:2      | Killed Natasha
   943 | D:2      | Reached skill level 1 in Stealth
   943 | D:2      | Reached XP level 3. HP: 25/26 MP: 3/3
  1426 | D:2      | Reached XP level 4. HP: 31/31 MP: 4/4
  1460 | D:2      | Noticed Robin
  1490 | D:2      | Gained mutation: Your natural rate of healing is unusually
                  | fast. [potion of mutation]
  1490 | D:2      | Gained mutation: You are robust. (+10% HP) [potion of
                  | mutation]
  1490 | D:2      | Gained mutation: Your spells are a little harder to cast,
                  | but a little more powerful. [potion of mutation]
  1562 | D:2      | Noticed Natasha
  1567 | D:2      | Killed Natasha
  1568 | D:2      | Reached skill level 4 in Axes
  1598 | D:2      | Reached XP level 5. HP: 33/40 MP: 5/5
  1678 | D:2      | Noticed Natasha
  1683 | D:2      | Killed Natasha
  2300 | D:3      | Reached XP level 6. HP: 26/47 MP: 6/6
  2303 | D:3      | Reached skill level 5 in Axes
  2377 | D:3      | Found a snail-covered altar of Cheibriados.
  2424 | D:3      | Found a faded altar of an unknown god.
  2644 | D:4      | Noticed Grinder
  2653 | D:4      | Paralysed by Grinder for 5 turns
  2664 | D:4      | Paralysed by Grinder for 2 turns
  2668 | D:4      | Killed Grinder
  2669 | D:4      | Reached XP level 7. HP: 27/53 MP: 7/7
  2922 | D:4      | Noticed Dowan
  2925 | D:4      | Noticed Duvessa
  2970 | D:5      | Entered Level 5 of the Dungeon
  3140 | D:5      | Reached skill level 6 in Axes
  3225 | D:4      | Noticed Ijyb
  3229 | D:4      | Killed Ijyb
  3230 | D:4      | Reached skill level 5 in Stealth
  3420 | D:4      | Found a staircase to the Ecumenical Temple.
  3443 | D:4      | Killed Duvessa
  3450 | D:4      | Killed Dowan
  3451 | D:4      | Reached XP level 8. HP: 33/59 MP: 8/8
  3493 | Temple   | Entered the Ecumenical Temple
  3499 | Temple   | Became a worshipper of Gozag Ym Sagoz the Greedy
  3959 | D:4      | Reached skill level 5 in Fighting
  3959 | D:4      | Reached skill level 7 in Axes
  4043 | D:2      | Killed Robin
  4835 | D:5      | Noticed Edmund
  5019 | D:5      | Killed Edmund
  5430 | D:6      | HP: 2/60 [gnoll sergeant/+0 trident (8)]
  5431 | D:6      | Slain by a gnoll sergeant

Illustrated notes

Levels and vault maps discovered:
D:1:      sevenhm_arrival_forest_fort_small_3, layout_basic, serial_bayou,
          serial_bayou_shore_b, serial_bayou_ford_a, serial_bayou_lake_a,
          serial_bayou_pond_d, serial_bayou_shore_a, serial_bayou_pond_e
D:2:      layout_basic, nicolae_grassy_gnolls, uniq_robin, uniq_natasha
D:3:      minmay_evil_eye, layout_loops_ring, marbit_many_paths,
          shapermc_ecumenical_altar_notcrosses, kennysheep_another_room,
          chequers_serial_rivers_room_b
D:4:      layout_loops_ring, temple_hall, uniq_duvessa, uniq_ijyb, uniq_grinder
D:5:      layout_gridville, uniq_edmund
D:6:      layout_basic, uniq_blork_the_orc
Temple:   nicolae_temple_x_marks_the_god

Skill      XL: |  1  2  3  4  5  6  7  8 |
---------------+-------------------------+-----
Axes           | 3 4 5 6 7 |  7.7
Stealth        | 1 2 3 4 5 6 |  6.6
Fighting       | 4 5 |  5.3
Dodging        | |  3.0
Shields        | |  3.0

Action                     |  1- 3 |  4- 6 |  7- 9 || total
---------------------------+-------+-------+-------++-------
  Melee: War axe           |    49 |    79 |    77 ||   205
         Constrict         |    19 |    23 |    21 ||    63
         Tentacles         |     8 |    17 |    19 ||    44
         Punch             |       |     4 |     1 ||     5
         Flail             |       |       |    18 ||    18
  Throw: Dart              |       |       |     3 ||     3
         Javelin           |       |       |     2 ||     2
    Use: Potion            |       |     2 |     2 ||     4
   Stab: Sleeping          |     2 |     8 |     7 ||    17
         Distracted        |       |       |     3 ||     3
 Armour: Skin              |    16 |    49 |    58 ||   123
  Dodge: Dodged            |    20 |    43 |    32 ||    95
  Block: Buckler           |     7 |    19 |    16 ||    42

Table legend: (Time is in decaauts)
 A = Elapsed time spent in this place.
 B = Non-inter-level travel time spent in this place.
 C = Inter-level travel time spent in this place.
 D = Time resting spent in this place.
 E = Time spent auto-exploring this place.
 F = Levels seen in this place.
 G = Mean time per level.
                   A        B        C        D        E       F      G
               +--------+--------+--------+--------+--------+-----+--------+
         Total |   5482 |   4930 |    552 |    428 |   3640 |   7 |  783.1 |
       Dungeon |   5471 |   4923 |    548 |    428 |   3640 |   6 |  911.8 |
        Temple |     10 |      6 |      4 |      0 |      0 |   1 |   10.0 |
               +--------+--------+--------+--------+--------+-----+--------+

Top non-repeatable levels by time:
     D:4: 1400 daAuts
     D:2: 1201 daAuts
     D:1: 948 daAuts
     D:3: 930 daAuts
     D:5: 788 daAuts
     D:6: 202 daAuts
  Temple: 10 daAuts
